AoeStats
← ramon_beas21

Arena

509925318Analyzed
3v3 RM · 3d ago on Sep 28, 2026· 72m 58s· 6 players
Game mode
Random Map
Map size
Normal (6 player)
Population
200
Speed
Normal
Resources
Standard
Victory
Conquest
Starting age
Dark Age
Ending age
Imperial Age
RankedLock teamsTeams togetherTeam positionsShared explorationLock speedFull tech treeHidden civsTurbo modeCheats
Victory
Defeat
🇪🇸 Bohemians · Spain
808
+15
🇬🇧 Teutons · United Kingdom
801
+15
🇹🇷 Huns · Türkiye
797
+16
🇪🇸 Danes · Spain
870
-18
🇪🇸 Bohemians · Spain
851
-18
🇪🇸 Britons · Spain
641
-10
reskius
12:41 Feudal Age
13:53 Loom
17:17 Castle Age
15:14 Double-Bit Axe
16:56 Horse Collar
18:31 Heavy Plow
19:49 Bow Saw
28:58 Wheelbarrow
29:33 Town Watch
29:42 Fletching
34:17 Imperial Age
36:40 Gold Mining
39:42 Hand Cart
39:11 Onager
44:09 Siege Onager
46:32 Chemistry
45:53 Ballistics
47:07 Forging
46:58 Scale Mail Armor
47:24 Hamask
51:09 Siege Engineers
51:19 Masonry
52:00 Iron Casting
ramon_beas21
0:29 Loom
11:28 Feudal Age
12:28 Horse Collar
18:51 Man-at-Arms
21:19 Double-Bit Axe
21:27 Fletching
22:22 Padded Archer Armor
25:44 Castle Age
26:26 Pikeman
30:52 Yeomen
30:16 Crossbowman
32:47 Heavy Plow
46:41 Imperial Age
45:29 Fortified Wall
sebamontoro
0:27 Loom
12:04 Feudal Age
12:34 Double-Bit Axe
12:32 Horse Collar
19:37 Castle Age
18:42 Town Watch
20:58 Bow Saw
32:23 Imperial Age
31:13 Wheelbarrow
32:28 Murder Holes
34:11 Hand Cart
34:28 Heavy Plow
35:21 Ballistics
37:26 Chemistry
37:31 Two-Man Saw
37:43 Masonry
38:52 Conscription
38:46 Wagenburg Tactics
39:05 Houfnice
41:22 Squires
42:20 Town Patrol
41:44 Elite Skirmisher
42:13 Arson
42:44 Forging
42:38 Husbandry
44:07 Pikeman
45:49 Iron Casting
45:02 Halberdier
46:18 Scale Mail Armor
48:11 Blast Furnace
48:19 Chain Mail Armor
51:43 Plate Mail Armor
57:14 Scale Barding Armor
57:00 Fletching
56:35 Heavy Scorpion
Bozorix
1:20 Loom
10:55 Feudal Age
11:37 Horse Collar
11:46 Double-Bit Axe
11:54 Gold Mining
12:43 Wheelbarrow
19:22 Castle Age
19:23 Scale Mail Armor
19:34 Forging
19:16 Fletching
20:32 Bow Saw
20:27 Heavy Plow
20:16 Town Watch
21:41 Squires
21:42 Bodkin Arrow
22:27 Iron Casting
22:37 Hand Cart
23:18 Chain Mail Armor
22:52 Pikeman
24:53 Bodkin Arrow
26:25 Caravan
28:38 Fervor
28:49 Sanctity
29:25 Padded Archer Armor
33:42 Imperial Age
31:38 Fortified Wall
31:39 Masonry
33:28 Leather Archer Armor
34:07 Ballistics
34:29 Town Patrol
34:29 Stone Mining
35:43 Chemistry
35:59 Two-Man Saw
36:53 Elite Skirmisher
38:38 Guilds
40:31 Ring Archer Armor
40:02 Arrowslits
40:10 Guard Tower
41:01 Conscription
41:55 Crenellations
48:33 Plate Mail Armor
49:03 Blast Furnace
52:06 Halberdier
55:55 Stone Shaft Mining
67:18 Siege Engineers
69:05 Scale Barding Armor
72:20 Spies/Treason
AlfilGM3
0:31 Loom
10:52 Feudal Age
14:03 Horse Collar
14:35 Double-Bit Axe
18:01 Castle Age
17:50 Fletching
18:03 Padded Archer Armor
22:00 Wheelbarrow
22:35 Crossbowman
26:40 Wagenburg Tactics
27:38 Hand Cart
37:07 Bow Saw
41:44 Imperial Age
44:30 Chemistry
43:50 Ballistics
42:55 Cavalier
46:31 Conscription
45:32 Elite Hussite Wagon
49:04 Two-Man Saw
53:24 Arbalester
62:27 Murder Holes
65:53 Houfnice
67:23 Wagenburg Tactics
67:39 Conscription
67:44 Bombard Tower
67:37 Masonry
67:31 Husbandry
66:56 Light Cavalry
70:22 Caravan
70:52 Coinage
70:33 Guilds
mag8044
0:28 Loom
11:10 Feudal Age
17:11 Castle Age
15:22 Horse Collar
15:43 Double-Bit Axe
16:14 Stone Mining
16:34 Gold Mining
25:33 Heavy Plow
26:30 Gold Shaft Mining
26:35 Bow Saw
27:28 Wheelbarrow
26:39 Town Watch
29:12 Scale Barding Armor
29:17 Forging
28:58 Fletching
29:09 Padded Archer Armor
29:53 Hand Cart
29:39 Town Patrol
30:18 Chain Barding Armor
30:44 Husbandry
30:57 Bloodlines
31:27 Marauders
32:22 Iron Casting
35:32 Imperial Age
36:06 Elite Tarkan
37:24 Plate Barding Armor
37:49 Blast Furnace
37:56 Two-Man Saw
37:30 Conscription
37:36 Conscription
37:45 Thumb Ring
38:44 Chemistry
38:50 Parthian Tactics
37:49 Heavy Cavalry Archer
38:39 Bodkin Arrow
39:03 Leather Archer Armor
39:13 Ballistics
40:28 Bracer
Connection lost

Rejoining the realm…

Still unreachable

The connection could not be restored.

Session expired

The server has moved on; the page needs a fresh start.